AoeStats
← kanmijnbarbecueaan.nl

African Clearing

505938010Analyzed
3v3 RM · 20d ago on Sep 11, 2026· 52m 54s· 6 players
Game mode
Random Map
Map size
Normal (6 player)
Population
200
Speed
Normal
Resources
Standard
Victory
Conquest
Starting age
Dark Age
Ending age
Imperial Age
RankedLock teamsTeams togetherTeam positionsShared explorationLock speedFull tech treeHidden civsTurbo modeCheats
Victory
Defeat
🇳🇱 Vietnamese · Netherlands
1097
+14
🇳🇱 Hindustanis · Netherlands
1058
+16
🇳🇱 Mongols · Netherlands
1050
+16
🇨🇴 Japanese · Colombia
1060
-16
🇨🇴 Wei · Colombia
1050
-15
🇸🇪 Magyars · Sweden
1043
-15
QuitTouchingMe
13:18 Feudal Age
15:17 Bloodlines
15:22 Loom
22:34 Castle Age
20:51 Double-Bit Axe
23:21 Fletching
32:32 Gold Mining
35:45 Bow Saw
35:41 Town Watch
Baphomet
9:07 Loom
14:52 Feudal Age
21:44 Castle Age
20:58 Forging
21:36 Gold Mining
22:01 Double-Bit Axe
24:56 Bow Saw
24:40 Horse Collar
26:33 Heavy Plow
28:41 Wheelbarrow
28:26 Husbandry
31:08 Gold Shaft Mining
31:20 Hand Cart
31:31 Squires
31:25 Fletching
32:55 Padded Archer Armor
33:01 Stone Mining
35:22 Bodkin Arrow
36:10 Stone Shaft Mining
35:49 Bloodlines
36:35 Scale Barding Armor
37:02 Tuntian
38:20 Chain Barding Armor
37:35 Light Cavalry
37:47 Pikeman
39:08 Ballistics
40:03 Iron Casting
40:32 Treadmill Crane
41:30 Masonry
44:01 Imperial Age
42:54 Leather Archer Armor
43:27 Thumb Ring
45:08 Ming Guang Armor
45:05 Conscription
44:47 Bracer
45:50 Chemistry
ian.7473
13:49 Loom
16:59 Feudal Age
18:38 Double-Bit Axe
21:03 Castle Age
21:13 Fletching
22:39 Bodkin Arrow
28:25 Town Watch
30:41 Husbandry
Tapi
8:07 Loom
13:13 Feudal Age
13:22 Man-at-Arms
15:05 Double-Bit Axe
18:36 Fletching
20:58 Horse Collar
25:17 Padded Archer Armor
27:22 Castle Age
27:24 Crossbowman
28:19 Bodkin Arrow
28:39 Leather Archer Armor
32:07 Gold Mining
32:29 Bow Saw
33:25 Town Watch
34:17 Wheelbarrow
37:36 Hand Cart
42:20 Coinage
44:33 Imperial Age
44:10 Ballistics
44:36 Elite Rattan Archer
48:27 Bracer
49:30 Chemistry
48:48 Stone Mining
51:01 Paper Money
MLGGandalf
3:51 Loom
13:02 Feudal Age
15:11 Scale Barding Armor
17:24 Forging
24:04 Castle Age
25:26 Double-Bit Axe
26:10 Bloodlines
26:00 Husbandry
28:17 Bow Saw
27:48 Horse Collar
29:40 Wheelbarrow
28:50 Town Watch
29:17 Heavy Plow
32:07 Hand Cart
31:37 Town Watch
32:43 Chain Barding Armor
34:13 Iron Casting
34:13 Gold Mining
34:14 Stone Mining
35:51 Gold Shaft Mining
39:08 Imperial Age
40:50 Plate Barding Armor
39:41 Heavy Camel Rider
43:07 Blast Furnace
42:38 Fletching
43:59 Imperial Camel Rider
45:01 Conscription
45:05 Bodkin Arrow
kanmijnbarbecueaan.nl
14:46 Feudal Age
15:30 Double-Bit Axe
15:38 Gold Mining
16:31 Wheelbarrow
17:54 Bloodlines
17:56 Scale Barding Armor
18:02 Forging
22:29 Horse Collar
26:39 Castle Age
27:37 Hand Cart
28:17 Husbandry
29:07 Bow Saw
28:29 Light Cavalry
32:28 Iron Casting
32:35 Stone Mining
34:18 Gold Shaft Mining
33:58 Heavy Plow
35:31 Chain Barding Armor
40:59 Imperial Age
40:01 Ballistics
40:33 Fletching
40:43 Padded Archer Armor
42:12 Conscription
41:13 Elite Mangudai
41:23 Elite Mangudai
42:08 Nomads
42:51 Parthian Tactics
42:34 Thumb Ring
46:23 Leather Archer Armor
46:05 Bodkin Arrow
47:12 Blast Furnace
53:04 Chemistry
Connection lost

Rejoining the realm…

Still unreachable

The connection could not be restored.

Session expired

The server has moved on; the page needs a fresh start.